 Dungeon Crawl Stone Soup version 0.29-a0-414-g5075937 (webtiles) character file.

Game seed: 16742704496882366286

271 Geeful the Skirmisher (level 6, -7/63 HPs)
             Began as an Ogre Gladiator on May 14, 2022.
             Mangled by an iguana (11 damage)
             ... on level 2 of the Dungeon.
             The game lasted 00:10:27 (2109 turns).

Geeful the Skirmisher (Ogre Gladiator)              Turns: 2109, Time: 00:10:28

Health: -7/63      AC:  3    Str: 18 (21) XL:     6   Next: 23%
Magic:  6/6        EV: 10    Int:  8 (9)  God:
Gold:   77         SH:  0    Dex:  8 (10) Spells: 5/5 levels left

rFire   . . .      SeeInvis .   a - +0 flail
rCold   . . .      Faith    .   (no shield)
rNeg    . . .      Spirit   .   b - +0 robe
rPois   .          Reflect  .   c - +0 hat
rElec   .          Harm     .   (no cloak)
rCorr   .          Rampage  .   (gloves unavailable)
Will    .....                   (boots unavailable)
Stlth   +.........              (no amulet)
HPRegen 0.20/turn               (no ring)
MPRegen 0.10/turn               (no ring)

@: brilliant
A: large, unfitting armour, tough skin 1
a: no special abilities


You were on level 2 of the Dungeon.
You visited 1 branch of the dungeon, and saw 3 of its levels.

You collected 77 gold pieces.

Inventory:

Hand Weapons
 a - a +0 flail (weapon)
Missiles
 e - 2 poisoned darts (quivered)
 f - a boomerang
Armour
 b - a +0 robe (worn)
 c - a +0 hat (worn)
Jewellery
 d - an amulet of the acrobat
 g - a ring of flight
Scrolls
 i - 2 scrolls of noise
 j - a scroll of poison {unknown}
 k - a scroll of fear {unknown}
 l - a scroll of enchant armour {unknown}
 m - a scroll of magic mapping {unknown}


   Skills:
 + Level 4.7 Fighting
 + Level 3.8 Maces & Flails
 + Level 3.5 Throwing
 + Level 3.8 Dodging


You had 5 spell levels left.
You didn't know any spells.
Your spell library contained the following spells:

 Spells                   Type           Power      Damage    Failure   Level
 Sting                    Tmut/Pois      0%         1d3       41%         1
 Call Canine Familiar     Summ           0%         N/A       78%         3
 Portal Projectile        Hex/Tloc       0%         N/A       78%         3
 Leda's Liquefaction      Hex/Erth       0%         N/A       99%         4


Dungeon Overview and Level Annotations

Branches:
Dungeon (3/15)

Altars:
Dithmenos

Shops:
D:2 (

Annotations:
D:1 exclusion: downstairs


Innate Abilities, Weirdness & Mutations

You are too large for most types of armour.
You have tough skin. (AC +1)


Message History

There is a stone staircase leading up here.
Okay, then.
You start putting on your amulet.
You continue putting on your amulet of the acrobat. x2
The orc priest invokes the aid of Beogh against you.
Beogh smites you!
Keep equipping yourself? [Y]es or [N]o only, please.
Keep equipping yourself?
You stop putting on your amulet.
The orc hits you with a +0 whip. The iguana closely misses you.
You climb upwards.
There is a stone staircase leading down here.
The orc attacks as you move away! The orc barely misses you.
The iguana bites you. The orc attacks as you move away!
The orc closely misses you. The iguana attacks as you move away!
The iguana bites you! The iguana attacks as you move away!
The iguana barely misses you. The iguana attacks as you move away!
The iguana bites you!
* * * LOW HITPOINT WARNING * * *
Things that are here:
5 stones; a +0 dagger It was a potion of degeneration.
There was something very wrong with that liquid.
You feel weakened.
You feel dopey.
You feel clumsy. The iguana bites you.
* * * LOW HITPOINT WARNING * * *
It was a potion of brilliance.
You feel clever all of a sudden. The iguana closely misses you.
As you read the scroll labelled ROLAGOSEIWK, it crumbles to dust.
Your body is wracked with pain!
* * * LOW HITPOINT WARNING * * *
The iguana convulses!
The orc convulses!
It was a scroll of torment.
The iguana bites you.
* * * LOW HITPOINT WARNING * * *
As you read the scroll labelled MACKUNU FOPT, it crumbles to dust.
You hear a loud clanging noise!
It was a scroll of noise.
The iguana bites you!
You die...

#......# ############ #......#
#..........# #......#
#..........# #......####
#..>.......#
#.........######......<...#
#..(....#......#..........######
#.............(o................
#......########l#.......########
###.....## #@#####.#.......#
##.......## #.....#...#.....##
#.........# #####..##........#
#.........# ##.###........
#...).....# #..##.##.#.##
#.........# ##.......#...
#.........# #.......####
##.......## ### #..........#
#.........# ###.###......###..


You could see an iguana and an orc.

Vanquished Creatures
  Sigmund (D:2)
  7 adders
  A dart slug (D:1)
  An orc (D:3)
  5 ball pythons
  2 bats (D:1)
  3 endoplasms
  2 giant cockroaches
  4 hobgoblins
  2 jackals (D:1)
  3 kobolds
  A quokka (D:3)
  2 frilled lizards
  7 goblins
  4 rats
45 creatures vanquished.

Notes
Turn   | Place    | Note
-------+----------+-------------------------------------------
     0 | D:1      | Geeful the Ogre Gladiator began the quest for the Orb.
     0 | D:1      | Reached XP level 1. HP: 22/22 MP: 1/1
   165 | D:1      | Reached skill level 3 in Fighting
   165 | D:1      | Reached XP level 2. HP: 18/31 MP: 2/2
   452 | D:1      | Found a faded altar of an unknown god.
   461 | D:1      | Got Plato's Compendium of Venom
   664 | D:1      | Reached XP level 3. HP: 37/37 MP: 3/3
   841 | D:2      | Found a shadowy altar of Dithmenos.
   852 | D:2      | Noticed Sigmund
  1240 | D:2      | Reached XP level 4. HP: 48/48 MP: 4/4
  1522 | D:2      | Found Udugud's Antique Weapon Shop.
  1638 | D:2      | Killed Sigmund
  1639 | D:2      | Reached skill level 4 in Fighting
  1639 | D:2      | Reached XP level 5. HP: 42/55 MP: 5/5
  1639 | D:2      | Reached XP level 6. HP: 48/63 MP: 6/6
  2109 | D:2      | Mangled by an iguana

Illustrated notes

Levels and vault maps discovered:
D:1:      dpeg_arrival_radiant, layout_rooms,
          shapermc_ecumenical_altar_rom_forum, kennysheep_minor_cross
D:2:      layout_rooms, serial_shops, shop, basic_altar, st_stairs_9,
          uniq_sigmund
D:3:      layout_rooms, marbit_many_paths, ebering_ghost_disaster_area,
          uniq_ijyb

Skill      XL: |  1  2  3  4 |
---------------+-------------+-----
Fighting       | 3 4 |  4.7
Dodging        | 3 |  3.8
Maces & Flails | 3 |  3.8
Throwing       | 3 |  3.5

Action                   |  1- 3 |  4- 6 || total
-------------------------+-------+-------++-------
Melee: Flail             |    71 |    57 ||   128
       Punch             |     1 |       ||     1
Throw: Throwing net      |     3 |     2 ||     5
       Large rock        |     2 |     2 ||     4
       Boomerang         |       |    10 ||    10
       Dart              |       |     1 ||     1
  Use: Scroll            |       |     2 ||     2
       Potion            |       |     2 ||     2
Armor: Robe              |    22 |    25 ||    47
Dodge: Dodged            |    36 |    34 ||    70

Table legend: (Time is in decaauts)
 A = Elapsed time spent in this place.
 B = Non-inter-level travel time spent in this place.
 C = Inter-level travel time spent in this place.
 D = Time resting spent in this place.
 E = Time spent auto-exploring this place.
 F = Levels seen in this place.
 G = Mean time per level.
                   A        B        C        D        E       F      G
               +--------+--------+--------+--------+--------+-----+--------+
         Total |   2144 |   2070 |     74 |    140 |   1358 |   3 |  714.7 |
       Dungeon |   2144 |   2070 |     74 |    140 |   1358 |   3 |  714.7 |
               +--------+--------+--------+--------+--------+-----+--------+

Top non-repeatable levels by time:
     D:2: 989 daAuts
     D:1: 920 daAuts
     D:3: 234 daAuts
